Frizzbo, neutral female gnomish Wizard $ ------- $ |.....| -------------- ##......| $ #-........)(..| --------- # |.....| #|.........<..| $ |........#### ### |.....| #|..........[.| |.......| ) --.---- #|............| |.......| -------### $ # #-------------- |.......| |.....|# # # / )) |.......-######-.....|# # # -----|--- |.....|# # # ) $ # |.....|# $ # # * $$ |.....-# ### $ * # ) ------- $ # # ) ) -|---------# |.........|# ` $ |......(..|# $ |.......dGf# ----------- Frizzbo the Thaumaturge Experience level: 6 Strength: 9 Dexterity: 15 Constitution: 17 Intelligence: 15 Wisdom: 11 Charisma: 10 Health: 0(49) Energy: 64(64) Def: 5 Gold: 739 Moves: 6381 Dungeon seed: Sflq_3LJYtwDIIKr Game ID: Frizzbo_1466696978 Your Inventory: Coins $ - 739 gold pieces Amulets T - a cursed amulet of strangulation Weapons t - an uncursed +0 elven dagger (weapon in hand) Armor e - an uncursed +1 cloak of magic resistance (being worn) z - an uncursed +0 studded leather armor (being worn) Scrolls h - 2 uncursed scrolls of blank paper j - an uncursed scroll of enchant weapon n - a cursed scroll of punishment U - an uncursed scroll of teleportation W - an uncursed scroll of magic mapping Spellbooks k - a blessed spellbook of force bolt l - an uncursed spellbook of confuse monster H - a blessed spellbook of magic missile Potions g - 3 uncursed potions of water x - 2 uncursed potions of oil X - a blessed potion of gain energy Rings a - a cursed ring of hunger c - an uncursed +1 ring of increase damage (on left hand) d - a blessed +2 ring of increase accuracy (on right hand) m - an uncursed ring of warning Wands b - an uncursed wand of make invisible (0:4) L - an uncursed wand of undead turning (0:7) Tools f - an uncursed skeleton key q - an uncursed towel w - an uncursed magic whistle Gems y - an uncursed worthless piece of yellowish brown glass Spells and supernatural/magical abilities: Name Level Category Fail Memory a - force bolt 1 attack 0% 69% h - healing 1 healing 0% 81% m - magic missile 2 attack 0% 77% p - protection 1 clerical 0% 75% u - confuse monster 2 enchantment 0% 69% z - sleep 1 enchantment 0% 75% W - pray for help -- divine ? -- Your skills at the end: Fighting Skills Weapon Skills dagger [Basic] quarterstaff [Basic] Spellcasting Skills attack spells [Skilled] enchantment spells [Basic] Final Attributes: You were piously aligned. You were magic-protected. You had infravision. You had a +2 bonus to hit. You had a +1 damage bonus. You are dead. Vanquished creatures: 2 small mimics a quivering blob a leprechaun a jaguar 2 fire ants a Mordor orc 2 shriekers a floating eye a homunculus a kobold lord 2 dwarf zombies a wererat 2 werejackals 3 iguanas 2 killer bees an acid blob 2 gas spores a hobbit 2 manes a hobgoblin 4 giant rats 3 cave spiders a brown mold a yellow mold a garter snake 2 gnome zombies 6 geckos 12 jackals 2 foxes a kobold 4 goblins 5 sewer rats 8 grid bugs 9 lichens 2 kobold zombies 8 newts 99 creatures vanquished. Voluntary challenges: You used a wielded weapon 119 times, starting on turn 251. You read items or engraved 14 times, starting on turn 1150. You never genocided any monsters. You never polymorphed an object. You never changed form. You used no wishes. You never split a pudding. You never wrote Elbereth's name. You never violated your personal moral code. Dungeon overview: The Dungeons of Doom: levels 1 to 6 Level 1 a long staircase Level 2 a general store, some fountains Level 3 a long staircase Level 4 a general store, some fountains, a sink Level 5 many fountains Level 6 <- You were here History has recorded: On T:1 you entered the Dungeons of Doom to retrieve the Amulet of Yendor! On T:413 you reached level 2 of The Dungeons of Doom. On T:572 you advanced to experience level 2. On T:912 you advanced to experience level 3. On T:1126 you advanced to experience level 4. On T:1465 you reached level 3 of The Dungeons of Doom. On T:1682 you reached level 4 of The Dungeons of Doom. On T:2069 you advanced to experience level 5. On T:3123 you reached level 5 of The Dungeons of Doom. On T:3736 you reached level 6 of The Dungeons of Doom. On T:4037 you advanced to experience level 6. Score breakdown: Gold: 739 ( 9760 points) Experience: 6 levels (12456 points) Exploration: 6 levels ( 13.04%) (10000 points) Discoveries: 14 items ( 4.86%) ( 6614 points) Valuables value: (no points given unless you survive) Artifact value: 0 ( 0 points) Variety of kills: 36 monsters ( 9.45%) ( 9221 points) Turncount: 6381 turns (-1714 points) Survival: died (score multiplied by 80%) Total score: 37069 Latest messages: The jaguar bites! You hit the jaguar. The jaguar hits! (2x) The jaguar bites! The jaguar just misses! The jaguar hits! The jaguar bites! You kill the jaguar! You finish searching. You see here a jaguar corpse. This jaguar corpse tastes terrible! You finish eating the jaguar corpse. The dingo bites! (2x) You hit the dingo. The dingo misses. You hit the dingo! The dingo bites! You hit the dingo! The dingo just misses! The dingo bites! You miss the dingo. The dingo misses. You hit the dingo. The dingo bites! You die... Final status: Goodbye Frizzbo the Wizard, killed by a dingo... You died in The Dungeons of Doom on dungeon level 6 with 37069 points, and 739 pieces of gold, after 6381 moves. You were level 6 with a maximum of 49 hit points when you died.